 Dungeon Crawl Stone Soup version 0.28-a0-94-g325244837d (webtiles) character file.

Game seed: 17353976639891571640

191 ZenoRockbell the Chopper (level 5, 0/47 HPs)
             Began as a Hill Orc Berserker on Aug 7, 2021.
             Was a Priest of Trog.
             Slain by DocClef's ghost (7 damage)
             ... on level 3 of the Dungeon.
             The game lasted 00:14:57 (2858 turns).

ZenoRockbell the Chopper (Hill Orc Berserker)       Turns: 2858, Time: 00:14:57

Health: 0/47       AC:  7    Str: 21    XL:     5   Next: 70%
Magic:  5/5        EV: 12    Int: 13    God:    Trog [***...]
Gold:   92         SH:  0    Dex: 10    Spells: 4/4 levels left

rFire   x . .      SeeInvis .   a - +1 hand axe
rCold   + . .      Faith    .   (no shield)
rNeg    . . .      Spirit   .   i - +2 robe {Will+}
rPois   .          Reflect  .   (no helmet)
rElec   .          Harm     .   f - scarf {repulsion}
rCorr   .          Rampage  .   e - +0 pair of gloves
Will    +....                   d - +1 pair of boots
Stlth   +.........              (no amulet)
HPRegen 0.15/turn               c - +6 ring of intelligence
MPRegen 0.09/turn               h - ring of ice

@: repel missiles
A: no striking features
a: Renounce Religion, Berserk, Trog's Hand


You were on level 3 of the Dungeon.
You worshipped Trog.
Trog was most pleased with you.
You visited 1 branch of the dungeon, and saw 3 of its levels.

You collected 92 gold pieces.

Inventory:

Hand Weapons
 a - a +1 hand axe (weapon)
Armour
 b - a +0 animal skin
 d - a +1 pair of boots (worn)
 e - a +0 pair of gloves (worn)
 f - a scarf of repulsion (worn)
 g - a +0 buckler
 i - a +2 robe of willpower (worn)
Jewellery
 c - a +6 ring of intelligence (left hand)
 h - a ring of ice (right hand)


   Skills:
 * Level 4.6 Fighting
 * Level 6.3 Axes
 * Level 3.0 Armour
 * Level 2.4 Dodging


You had 4 spell levels left.
You didn't know any spells.
Your spell library was empty.

Dungeon Overview and Level Annotations

Branches:
Dungeon (3/15)

Altars:
Beogh

Annotations:
D:3 DocClef's ghost, amateur GnDe


Message History

DocClef's ghost hits you! DocClef's ghost burns you.
You barely miss DocClef's ghost.
DocClef's ghost is moderately damaged.
You barely miss DocClef's ghost.
DocClef's ghost is moderately damaged.
DocClef's ghost hits you. DocClef's ghost burns you.
You miss DocClef's ghost.
DocClef's ghost is moderately damaged.
DocClef's ghost hits you.
* * * LOW HITPOINT WARNING * * *
DocClef's ghost burns you.
* * * LOW HITPOINT WARNING * * *
You barely miss DocClef's ghost.
DocClef's ghost is moderately damaged.
DocClef's ghost hits you.
* * * LOW HITPOINT WARNING * * *
DocClef's ghost burns you.
* * * LOW HITPOINT WARNING * * *
You hit DocClef's ghost but do no damage.
DocClef's ghost is moderately damaged.
DocClef's ghost hits you but does no damage.
You closely miss DocClef's ghost.
DocClef's ghost is moderately damaged.
DocClef's ghost hits you.
* * * LOW HITPOINT WARNING * * *
DocClef's ghost burns you.
* * * LOW HITPOINT WARNING * * *
You hit DocClef's ghost.
DocClef's ghost is moderately damaged.
DocClef's ghost hits you but does no damage.
You hit DocClef's ghost.
DocClef's ghost is heavily damaged.
DocClef's ghost hits you but does no damage.
You hit DocClef's ghost.
DocClef's ghost is heavily damaged.
DocClef's ghost barely misses you.
You hit DocClef's ghost but do no damage.
DocClef's ghost is heavily damaged.
DocClef's ghost hits you!
You die...

.#.#..###.....[......#†#.####.
'#.#...###..#.#####†..........
...##..###..#.#.=.##.###.####.
..............#.≈.#....#.#
...##....#..#.#.≈.##.....#
..## .......#.#.≈.##.#...# ###
.........#.≈.#......##
..#..######W###......#
...........@.......>.#
.............#....#..# #
#.#..#...##..........# # .###
.... ##.####.##.# #..... .#.
### ... # ..# .. .### #.# # .#
#.# # #


You could see DocClef's ghost.

Vanquished Creatures
  Jessica (D:3)
  Natasha (twice) (D:3)
  4 adders
  2 worms (D:2)
  3 dart slugs
  4 ball pythons
  6 bats
  2 endoplasms
  2 giant cockroaches
  7 goblins
  4 hobgoblins
  10 jackals
  2 quokkas (D:1)
  7 frilled lizards
  6 kobolds
  5 rats
  6 bushes (D:3)
73 creatures vanquished.

Vanquished Creatures (others)
  A bat (D:3)
  17 plants (D:3)
18 creatures vanquished.

Grand Total: 91 creatures vanquished

Notes
Turn   | Place    | Note
-------+----------+-------------------------------------------
     0 | D:1      | ZenoRockbell the Hill Orc Berserker began the quest for the
                  | Orb.
     0 | D:1      | Reached XP level 1. HP: 19/19 MP: 1/1
   111 | D:1      | Reached XP level 2. HP: 16/27 MP: 2/2
   423 | D:1      | Found a roughly hewn altar of Beogh.
   480 | D:1      | Reached XP level 3. HP: 31/33 MP: 3/3
   696 | D:1      | Reached ** piety under Trog
   919 | D:2      | Reached skill level 5 in Axes
  1036 | D:2      | Reached XP level 4. HP: 36/41 MP: 4/4
  1600 | D:3      | Noticed Jessica
  1611 | D:3      | Killed Jessica
  1635 | D:3      | Reached XP level 5. HP: 20/47 MP: 5/5
  2526 | D:3      | Reached skill level 6 in Axes
  2663 | D:3      | Noticed Natasha
  2672 | D:3      | Killed Natasha
  2693 | D:3      | Reached *** piety under Trog
  2805 | D:3      | Noticed Natasha
  2816 | D:3      | Killed Natasha
  2828 | D:3      | Found a runed translucent door.
  2830 | D:3      | Noticed DocClef's ghost (amateur GnDe)
  2858 | D:3      | Slain by DocClef's ghost

Illustrated notes

Levels and vault maps discovered:
D:1:      ebering_hopf_link, layout_loops_cross,
          hellmonk_ecumenical_altar_defaced_shrine
D:2:      layout_basic
D:3:      layout_basic, ebering_ghost_reflecting_pool, lexackson_kobold_supper,
          uniq_sigmund, uniq_natasha, uniq_jessica

Skill      XL: |  1  2  3  4  5 |
---------------+----------------+-----
Fighting       | 4 |  4.6
Axes           | 5 6 |  6.3
Dodging        | 2 |  2.4
Armour         | 3 |  3.0

Action                   |  1- 3 |  4- 6 || total
-------------------------+-------+-------++-------
Melee: Hand axe          |   116 |   517 ||   633
  Use: Scroll            |     3 |     2 ||     5
       Potion            |       |     3 ||     3
Armor: Animal skin       |    29 |    33 ||    62
       Robe              |       |    21 ||    21
Dodge: Dodged            |    86 |   105 ||   191
       Repelled          |     2 |     1 ||     3

Table legend: (Time is in decaauts)
 A = Elapsed time spent in this place.
 B = Non-inter-level travel time spent in this place.
 C = Inter-level travel time spent in this place.
 D = Time resting spent in this place.
 E = Time spent auto-exploring this place.
 F = Levels seen in this place.
 G = Mean time per level.
                   A        B        C        D        E       F      G
               +--------+--------+--------+--------+--------+-----+--------+
         Total |   2874 |   2874 |      0 |      0 |      0 |   3 |  958.0 |
       Dungeon |   2874 |   2874 |      0 |      0 |      0 |   3 |  958.0 |
               +--------+--------+--------+--------+--------+-----+--------+

Top non-repeatable levels by time:
     D:3: 1329 daAuts
     D:1: 840 daAuts
     D:2: 704 daAuts
